 Dungeon Crawl Stone Soup version 0.22-a0-352-gc608dd7 (webtiles) character file.

108702 Amnesiac the Fighter (level 16, -1/131 HPs)
             Began as a Mummy Earth Elementalist on Apr 15, 2018.
             Was a High Priest of Sif Muna.
             Slain by a deep elf blademaster
             ... wielding a +3 rapier
              (28 damage)
             ... on level 3 of the Elven Halls.
             The game lasted 01:25:55 (28113 turns).

Amnesiac the Fighter (Mummy Earth Elementalist)    Turns: 28113, Time: 01:25:56

Health: -1/131     AC:  7    Str: 16    XL:     16   Next: 3%
Magic:  0/50       EV: 22    Int: 23    God:    Sif Muna [*****.]
Gold:   401        SH:  7    Dex: 16    Spells: 18/39 levels left

rFire    + . .     SeeInvis .   U - staff of fire
rCold    + + +     Gourm    .   p - +2 buckler {rPois}
rNeg     + + +     Faith    .   j - +1 robe {rC+}
rPois    ∞         Spirit   +   Q - +2 hat of the Bear Spirit {Spirit, +Rage rN+ MR++}
rElec    +         Reflect  .   R - scarf {rC+ rF+}
rCorr    .         Harm     .   E - +2 pair of gloves {Dex+3}
MR       ++++.                  P - -2 pair of boots "Vitzee" {rElec Str+5 Int+2 Stlth-} (curse)
Stlth    ++........             c - amulet of magic regeneration
HPRegen  0.31/turn              S - ring of magical power
MPRegen  0.57/turn              A - ring of magical power

@: very slightly contaminated, studying Armour, divine energy
A: no food or potions, fire vulnerability, cold resistance 1, negative energy
resistance 3, torment resistance, unbreathing, in touch with death 1
a: Stop Divine Energy, Channel Magic, Forget Spell, Renounce Religion


You were on level 3 of the Elven Halls.
You worshipped Sif Muna.
Sif Muna was extremely pleased with you.
You were not hungry.

You visited 4 branches of the dungeon, and saw 21 of its levels.
You visited 1 bazaar.
You also visited: Bailey.

You collected 2259 gold pieces.
You spent 1858 gold pieces at shops.

Inventory:

Hand Weapons
 a - the +5 dagger of Outrage {pierce, Str+3}
   (You found it on level 8 of the Dungeon)

   It inflicts extra damage upon your enemies.
   It affects your strength (+3).
 b - a +3 blowgun
 B - a +2 demon blade of flaming
 N - the +10 morningstar of Welfare {flame, -Tele rF+ MR+ SInv}
   (You found it on level 14 of the Dungeon)

   It has been specially enchanted to burn those struck by it, causing extra
   injury to most foes and up to half again as much damage against particularly
   susceptible opponents.
   It protects you from fire.
   It affects your resistance to hostile enchantments.
   It lets you see invisible.
   It prevents most forms of teleportation.
Missiles
 k - 7 sling bullets
 l - 124 stones (quivered)
 n - 4 needles of confusion
 w - 7 curare-tipped needles
 C - 67 poisoned needles
 M - 5 throwing nets
Armour
 e - a +2 cloak of invisibility
 j - a +1 robe of cold resistance (worn)
 p - a +2 buckler of poison resistance (worn)
 E - a +2 pair of gloves of dexterity (worn)
 F - a scarf of cloud immunity
 P - the cursed -2 pair of boots "Vitzee" (worn) {rElec Str+5 Int+2 Stlth-}
   (You bought it in a shop on level 14 of the Dungeon)

   It affects your strength (+5).
   It affects your intelligence (+2).
   It insulates you from electricity.
   It makes you less stealthy.
   It has a curse placed upon it.
 Q - the +2 hat of the Bear Spirit (worn) {Spirit, +Rage rN+ MR++}
   (You bought it in a shop on level 14 of the Dungeon)

   It protects you from negative energy.
   It affects your resistance to hostile enchantments.
   It lets you go berserk.
 R - a scarf of resistance (worn)
Magical Staves
 U - an uncursed staff of fire (weapon)
Jewellery
 c - an amulet of magic regeneration (around neck)
 s - a cursed ring of teleportation {unknown}
 A - a ring of magical power (right hand)
 D - an uncursed ring of wizardry {unknown}
 G - an uncursed amulet of the acrobat
 J - an uncursed ring of poison resistance {unknown}
 O - an uncursed ring of resist corrosion {unknown}
 S - a ring of magical power (left hand)
Wands
 u - a wand of digging (15)
 v - a wand of paralysis (14)
 T - a wand of disintegration (16)
Scrolls
 d - 4 scrolls of identify {!r}
 g - 2 scrolls of fear {!r}
 h - 6 scrolls of enchant weapon {!r}
 i - 13 scrolls of remove curse {!r}
 m - 3 scrolls of blinking {!r}
 o - 10 scrolls of teleportation {!r}
 q - 3 scrolls of immolation {!r}
 r - a scroll of noise {!r}
 t - 2 scrolls of magic mapping {!r}
 x - 2 scrolls of fog {!r}
 y - a scroll of amnesia {!r}
 z - a scroll of summoning {!r}
 H - 3 scrolls of vulnerability {!r}
 L - a scroll of torment {!r}
 V - a scroll of silence {!r, unknown}
Books
 K - a manual of Armour
Miscellaneous
 f - a sack of spiders
 I - a lamp of fire


   Skills:
 - Level 13.5 Fighting
 - Level 4.0 Short Blades
 - Level 13.5 Dodging
 - Level 4.0 Stealth
 - Level 4.1 Shields
 + Level 12.2 Spellcasting
 - Level 4.0 Conjurations
 - Level 4.0 Transmutations
 * Level 12.2 Earth Magic
 - Level 8.0 Invocations


You had 18 spell levels left.
You knew the following spells:

 Your Spells              Type           Power        Failure   Level  Hunger
a - Sandblast             Erth           ######       1%          1    N/A
b - Passwall              Tmut/Erth      ######....   1%          2    N/A
c - Summon Butterflies    Summ           ##......     4%          1    N/A
d - Lee's Rapid Deconstr  Erth           ######....   1%          5    N/A
e - Petrify               Tmut/Erth      ######..     1%          4    N/A
f - Iron Shot             Conj/Erth      ######....   24%         6    N/A
v - Blink                 Tloc           N/A          7%          2    N/A

Dungeon Overview and Level Annotations

Branches:
Dungeon (15/15)            Temple (1/1) D:4            Lair (0/6) D:9
    Orc (2/2) D:11            Elf (3/3) Orc:2        Vaults (0/5) D:14
 Depths (0/5) D:15

Altars:
Ashenzari
Cheibriados
Dithmenos
Elyvilon
Fedhas
Gozag
Hepliaklqana
Kikubaaqudgha
Makhleb
Nemelex Xobeh
Okawaru
Qazlal
Ru
Sif Muna
Trog
Uskayaw
Vehumet
Wu Jian
Xom
Yredelemnul
Zin
The Shining One
Beogh

Shops:
D:12 %   D:13 (   D:14 [[=:   D:15 *   Orc:2 ([*:   Elf:1 [=(%

Portals:
Trove: D:10 (give 15 scrolls of teleportation)

Annotations:
Elf:2 Donald
Elf:3 1 exclusion


Innate Abilities, Weirdness & Mutations

You do not eat or drink.
Your flesh is vulnerable to fire.
You are immune to poison.
Your flesh is cold resistant. (rC+)
You are immune to negative energy. (rN+++)
You are immune to unholy pain and torment.
You can survive without breathing.
You are in touch with the powers of death.


Message History

The deep elf blademaster hits you with an enchanted rapier.
The deep elf blademaster hits you with an enchanted rapier!!
The deep elf demonologist gestures wildly while chanting.
The deep elf blademaster barely misses you.
The deep elf blademaster hits you with an enchanted rapier!
You hear a shout!
Things that are here:
a longbow of flaming; an uncursed scimitar; 17 arrows You regain access to your magic.
Things that are here:
a short sword; an elf corpse The deep elf blademaster hits you with an enchanted rapier.
The deep elf blademaster hits you but does no damage.
Casting: Lee's Rapid Deconstruction (safe; 1% risk of failure)
Confirm with . or Enter, or press ? or * to list all spells.
Aiming: Lee's Rapid Deconstruction (safe; 1% risk of failure)
Press: ? - help, Dir - move target cursor The wall shatters!
The blast of rock fragments hits the deep elf blademaster.
The deep elf blademaster is moderately wounded.
The blast of rock fragments hits the deep elf blademaster.
The deep elf blademaster is severely wounded.
The deep elf blademaster hits you with an enchanted rapier!
The deep elf blademaster hits you with an enchanted rapier.
The deep elf blademaster hits you with an enchanted rapier!
* * * LOW HITPOINT WARNING * * *
The deep elf blademaster hits you with an enchanted rapier!!
* * * LOW HITPOINT WARNING * * *
Unknown command.
Casting: Lee's Rapid Deconstruction (safe; 1% risk of failure)
Confirm with . or Enter, or press ? or * to list all spells.
Okay, then.
You feel less invigorated.
Casting: Lee's Rapid Deconstruction (safe; 1% risk of failure)
Confirm with . or Enter, or press ? or * to list all spells.
Aiming: Lee's Rapid Deconstruction (safe; 1% risk of failure)
Press: ? - help, Dir - move target cursor The wall shatters!
The blast of rock fragments hits the deep elf blademaster.
The deep elf blademaster is heavily wounded.
The blast of rock fragments hits the deep elf blademaster.
The deep elf blademaster is severely wounded.
You hear a shout! x2
You block the deep elf blademaster's attack.
The deep elf blademaster hits you with an enchanted rapier!
* * * LOW HITPOINT WARNING * * *
Unknown command.
Casting: Lee's Rapid Deconstruction (safe; 1% risk of failure)
Confirm with . or Enter, or press ? or * to list all spells.
Aiming: Lee's Rapid Deconstruction (safe; 1% risk of failure)
Press: ? - help, Dir - move target cursor The wall shatters!
The blast of rock fragments hits the hellion.
The hellion is heavily wounded.
The blast of rock fragments hits the deep elf blademaster.
The deep elf blademaster is heavily wounded.
The blast of rock fragments hits the deep elf blademaster.
The deep elf blademaster is almost dead.
The deep elf blademaster misses you.
You block the deep elf blademaster's attack.
The deep elf blademaster hits you with an enchanted rapier!
* * * LOW HITPOINT WARNING * * *
The deep elf blademaster hits you with an enchanted rapier!!
You die...

#2# #.# #.# #.# #%#
##.## ##..e##
#..#().############
#.###.2ee@..(..)..#
### #############.#
#####..# ##...#.##
##......#
##.......##
#######.........#
#....##.........#
##.##.##.........#


You could see 2 deep elf blademasters, a deep elf demonologist and a hellion.

Vanquished Creatures
  A deep elf master archer (Elf:3)
  2 orc warlords (Orc:2)
  A deep elf sorcerer (Elf:1)
  Louise (D:15)
  A deep elf elementalist (Elf:3)
  2 deep elf annihilators
  2 deep elf demonologists (Elf:3)
  A spark wasp (shapeshifter) (D:14)
  An ettin (Orc:2)
  2 deep elf death magi
  A fire dragon (D:14)
  A great orb of eyes (D:12)
  Josephine (Orc:2)
  Harold (Orc:1)
  2 ice dragons (D:15)
  4 vault guards (D:14)
  2 hydras
  4 two-headed ogres
  A centaur warrior (D:14)
  5 orc high priests
  9 dancing weapons
  5 tengu warriors (D:15)
  3 death yaks
  Sonja (D:13)
  4 hell knights (D:12)
  9 deep elf knights
  3 unseen horrors
  A deep troll (D:14)
  2 wizards (D:12)
  8 deep elf archers
  Pikel (D:8)
  3 necromancers (D:12)
  17 ugly things
  4 orc sorcerers
  33 deep elf magi
  7 orc knights
  2 manticores
  6 cyclopes
  An orange demon (D:12)
  2 rust devils (D:12)
  A gargoyle (D:15)
  A tengu conjurer (D:15)
  7 trolls
  4 meliai
  A hornet (D:13)
  A raiju (shapeshifter) (D:15)
  2 dream sheep (D:8)
  6 slime creatures
  5 hippogriffs
  A shadow (D:12)
  A centaur simulacrum (D:15)
  2 air elementals (Elf:2)
  5 wraiths (Orc:2)
  2 wyverns
  A water elemental (Elf:3)
  8 yaks
  A fire elemental (Elf:1)
  A hog (shapeshifter) (Elf:1)
  3 vampire mosquitoes
  2 hungry ghosts
  Menkaure (D:4)
  2 wargs
  An acid dragon (D:14)
  A water moccasin (D:13)
  7 hell hounds (D:12)
  A hornet zombie (D:15)
  48 orc warriors
  2 sky beasts
  3 slaves (D:8)
  2 ice beasts
  2 black bears
  4 phantoms
  11 ogres
  3 centaurs
  Blork the orc (D:6)
  5 big kobolds
  A wyvern zombie (D:7)
  8 bullfrogs
  2 gnoll sergeants
  2 earth elementals
  A wyvern skeleton (D:9)
  A water moccasin zombie (D:6)
  7 killer bees (D:7)
  5 scorpions
  14 howler monkeys
  5 crimson imps
  3 bullfrog zombies
  5 centaur zombies
  A quasit (D:12)
  5 hounds
  19 orc priests
  3 centaur skeletons
  2 gnoll shamans
  2 bullfrog skeletons
  27 orc wizards
  An iguana (D:14)
  6 worker ants
  A hell rat (D:9)
  A statue (D:8)
  A howler monkey zombie (D:8)
  A worker ant zombie (D:9)
  18 gnolls
  An adder (shapeshifter) (D:14)
  17 adders
  A river rat (D:9)
  5 shadow imps
  2 adder skeletons
  2 worms
  A dart slug (D:2)
  3 leopard geckos
  116 orcs
  5 bats
  4 giant cockroaches
  5 goblins
  6 hobgoblins
  2 jackals (D:10)
  2 quokkas
  2 ball pythons
  7 frilled lizards
  A giant cockroach zombie (D:5)
  19 kobolds
  7 rats
656 creatures vanquished.

Vanquished Creatures (others)
  A deep elf knight (Elf:3)
  A plant (D:1)
2 creatures vanquished.

Grand Total: 658 creatures vanquished

Notes
Turn   | Place    | Note
-------+----------+-------------------------------------------
     0 | D:1      | Amnesiac the Mummy Earth Elementalist began the quest for the Orb.
     0 | D:1      | Reached XP level 1. HP: 13/13 MP: 4/4
   505 | D:1      | Reached XP level 2. HP: 20/20 MP: 1/5
   783 | D:1      | Reached skill level 1 in Fighting
  1279 | D:2      | Reached skill level 1 in Short Blades
  1284 | D:2      | Learned a level 2 spell: Passwall
  1377 | D:2      | Reached skill level 1 in Transmutations
  1377 | D:2      | Reached XP level 3. HP: 25/26 MP: 4/7
  1595 | D:2      | Noticed a dagger
  1595 | D:2      | Noticed a dagger
  1595 | D:2      | Found a hide-covered altar of Uskayaw.
  1791 | D:3      | Found a sacrificial altar of Ru.
  1797 | D:3      | Reached XP level 4. HP: 30/32 MP: 8/8
  2171 | D:3      | Found a sparkling altar of Nemelex Xobeh.
  2381 | D:3      | Found a stormy altar of Qazlal.
  2383 | D:3      | Noticed an air elemental
  2384 | D:3      | Noticed an earth elemental
  2384 | D:3      | Noticed a fire elemental
  2384 | D:3      | Noticed a water elemental
  2585 | D:4      | Noticed a phantom
  2628 | D:4      | Reached XP level 5. HP: 13/37 MP: 7/9
  3164 | D:4      | Noticed an ogre
  3169 | D:4      | Killed an ogre
  3169 | D:4      | Reached XP level 6. HP: 33/45 MP: 6/10
  3497 | D:4      | Found a staircase to the Ecumenical Temple.
  3505 | Temple   | Entered the Ecumenical Temple
  3647 | Temple   | Became a worshipper of Sif Muna the Loreminder
  3851 | D:4      | Found a shimmering altar of Xom.
  3945 | D:5      | Entered Level 5 of the Dungeon
  3955 | D:5      | Noticed Menkaure
  4411 | D:4      | Killed Menkaure
  4434 | D:5      | Learned a level 4 spell: Petrify
  4437 | D:5      | Reached XP level 7. HP: 51/51 MP: 6/12
  5086 | D:6      | Found an ornate altar of the Wu Jian Council.
  5201 | D:6      | Reached * piety under Sif Muna
  5212 | D:6      | Noticed Blork the orc
  5219 | D:6      | Killed Blork the orc
  5227 | D:6      | Learned a level 5 spell: Lee's Rapid Deconstruction
  5541 | D:6      | Reached XP level 8. HP: 52/57 MP: 10/15
  5574 | D:6      | Reached skill level 5 in Spellcasting
  5574 | D:6      | Reached skill level 5 in Earth Magic
  5822 | D:6      | Found Zoyh's Jewellery Boutique.
  6192 | D:7      | Reached ** piety under Sif Muna
  7253 | D:8      | Found a hide-covered altar of Uskayaw.
  7294 | D:8      | Noticed a two-headed ogre
  7330 | D:8      | Killed a two-headed ogre
  7330 | D:8      | Reached *** piety under Sif Muna
  7330 | D:8      | Reached XP level 9. HP: 40/62 MP: 2/20
  7640 | D:8      | Got a slimy dagger
  7641 | D:8      | Identified the +5 dagger of Outrage {pierce, Str+3} (You found it on level 8 of the Dungeon)
  7661 | D:8      | Found a radiant altar of Vehumet.
  7795 | D:8      | Noticed Pikel
  7807 | D:8      | Killed Pikel
  7855 | D:8      | Reached XP level 10. HP: 50/68 MP: 18/22
  7950 | D:8      | Reached **** piety under Sif Muna
  7968 | D:8      | Noticed a two-headed hydra
  7972 | D:8      | Killed a one-headed hydra
  8072 | D:9      | Noticed a two-headed ogre
  8091 | D:9      | Killed a two-headed ogre
  8227 | D:9      | Got a faintly glowing leather armour
  8250 | D:9      | Reached skill level 10 in Spellcasting
  8250 | D:9      | Reached skill level 10 in Earth Magic
  8426 | D:9      | Noticed a death yak
  8426 | D:9      | Noticed a death yak
  8426 | D:9      | Noticed a death yak
  8427 | D:9      | Found a staircase to the Lair.
  9456 | D:9      | Killed a death yak
  9655 | D:9      | Killed a death yak
  9655 | D:9      | Reached ***** piety under Sif Muna
  9655 | D:9      | Received a gift from Sif Muna
  9655 | D:9      | Reached XP level 11. HP: 58/74 MP: 0/25
 10025 | D:8      | Killed a death yak
 10079 | D:10     | Entered Level 10 of the Dungeon
 10444 | D:10     | Identified the +3 leather armour of Odeymp {*Slow rPois rCorr Str+4} (You found it on level 9 of the Dungeon)
 10591 | D:10     | Reached skill level 1 in Shields
 10714 | D:10     | Found a portal to a secret trove of treasure.
 11124 | D:11     | You fall through a shaft for 2 floors!
 11194 | D:13     | Found Qoanwoich's Antique Weapon Shop.
 11228 | D:13     | Noticed Sonja
 11229 | D:13     | Killed Sonja
 11246 | D:13     | Reached skill level 1 in Invocations
 11338 | D:13     | Noticed a white ugly thing
 11352 | D:13     | Killed a white ugly thing
 11979 | D:13     | Noticed a two-headed ogre
 12000 | D:13     | Killed a two-headed ogre
 12132 | D:12     | Found Febur's Food Shop.
 12200 | D:12     | Found a shattered altar of Ashenzari.
 12359 | D:12     | Reached skill level 5 in Invocations
 12493 | D:12     | Reached XP level 12. HP: 83/83 MP: 20/27
 12684 | D:12     | Found a runed door.
 12684 | D:12     | Noticed a two-headed ogre
 13374 | D:12     | Killed a two-headed ogre
 13440 | D:12     | Identified Sif Muna's Catalogue of Shifting Combat Magic (Sif Muna gifted it to you on level 12 of the Dungeon)
 13440 | D:12     | Received a gift from Sif Muna
 14382 | D:11     | Found a roughly hewn altar of Beogh.
 14382 | D:11     | Found a staircase to the Orcish Mines.
 14917 | Orc:1    | Entered Level 1 of the Orcish Mines
 15169 | Orc:1    | Noticed Harold
 15189 | Orc:1    | Killed Harold
 15192 | Orc:1    | Found a flagged portal.
 15329 | Bailey   | Identified a paperback manual
 15329 | Bailey   | Entered a bailey
 16383 | Bailey   | Found a roughly hewn altar of Beogh.
 16498 | Orc:1    | Found a roughly hewn altar of Beogh.
 16653 | Orc:2    | Entered Level 2 of the Orcish Mines
 16694 | Orc:2    | Noticed an orc warlord
 16791 | Orc:2    | Killed an orc warlord
 16791 | Orc:2    | Gained mutation: You are in touch with the powers of death. [Mummy growth]
 16791 | Orc:2    | Reached XP level 13. HP: 94/94 MP: 28/28
 17134 | Orc:2    | Found a staircase to the Elven Halls.
 17342 | Orc:2    | Noticed Josephine
 17353 | Orc:2    | Killed Josephine
 17648 | Orc:2    | Reached skill level 10 in Fighting
 18596 | Orc:2    | Noticed an orc warlord
 18608 | Orc:2    | Killed an orc warlord
 18982 | Orc:2    | Noticed an ettin
 18993 | Orc:2    | Killed an ettin
 19024 | Orc:2    | Identified Sif Muna's Tome of the Quantum Blaze (Sif Muna gifted it to you on level 2 of the Orcish Mines)
 19024 | Orc:2    | Received a gift from Sif Muna
 19190 | Orc:2    | Found a shimmering altar of Xom.
 19340 | Orc:2    | Found Cygamn's General Store.
 19341 | Orc:2    | Found Ratogup's Book Emporium.
 19342 | Orc:2    | Found Yri Lu Lae's Antique Armour Emporium.
 19342 | Orc:2    | Found Jona's Antique Weapon Shoppe.
 19356 | Orc:2    | Bought a scroll of teleportation for 48 gold pieces
 19510 | Orc:2    | Found a bloodstained altar of Trog.
 19607 | Orc:2    | Bought a pair of glowing gloves for 157 gold pieces
 19607 | Orc:2    | Bought a glowing cloak for 157 gold pieces
 20072 | D:12     | Reached skill level 5 in Dodging
 20187 | D:12     | Paralysed by a great orb of eyes for 2 turns
 20960 | D:14     | Found Henaurch's Book Boutique.
 20965 | D:14     | Reached XP level 14. HP: 118/118 MP: 18/29
 21188 | D:14     | Got a steaming morningstar
 21252 | D:14     | Found a shadowy altar of Dithmenos.
 21257 | D:14     | Found Defyrucku's Jewellery Emporium.
 21367 | D:14     | Found Quzehaar's Antique Armour Emporium.
 21375 | D:14     | Bought a pair of steaming boots for 275 gold pieces
 21380 | D:14     | Identified the cursed -2 pair of boots "Vitzee" {rElec Str+5 Int+2 Stlth-} (You bought it in a shop on level 14 of the Dungeon)
 21390 | D:14     | Found a gate to the Vaults.
 21755 | D:14     | Found Esesotz's Armour Shoppe.
 21763 | D:14     | Bought the +2 hat of the Bear Spirit {Spirit, +Rage rN+ MR++} for 430 gold pieces
 21763 | D:14     | Found the +2 hat of the Bear Spirit {Spirit, +Rage rN+ MR++}
 21825 | D:14     | Bought a +2 cloak of invisibility for 236 gold pieces
 22148 | D:15     | Entered Level 15 of the Dungeon
 22422 | D:15     | Found a blossoming altar of Fedhas.
 22622 | D:15     | Found a staircase to the Depths.
 22802 | D:15     | Reached skill level 10 in Dodging
 23371 | D:15     | Identified the +10 morningstar of Welfare {flame, -Tele rF+ MR+ SInv} (You found it on level 14 of the Dungeon)
 23489 | D:15     | Noticed Louise
 23515 | D:15     | Killed Louise
 23740 | D:15     | Found Gozag's Platinum Reserve.
 23740 | D:15     | Found an opulent altar of Gozag.
 23986 | Elf:1    | Entered Level 1 of the Elven Halls
 24074 | Elf:1    | Found Rekikhlu's Food Shoppe.
 24074 | Elf:1    | Found Lodgheto's Antique Armour Emporium.
 24075 | Elf:1    | Found Koam Eraro's Jewellery Emporium.
 24079 | Elf:1    | Bought an uncursed ring of magical power for 300 gold pieces
 24114 | Elf:1    | Found Vonocs's Weapon Shoppe.
 24123 | Elf:1    | Bought a pair of glowing gloves for 255 gold pieces
 24176 | Elf:1    | Reached XP level 15. HP: 124/124 MP: 13/30
 24336 | Elf:1    | Noticed a deep elf sorcerer
 24344 | Elf:1    | Killed a deep elf sorcerer
 25081 | Elf:1    | Identified the Volume of Attacks and Illusion
 25122 | Elf:1    | Learned a level 2 spell: Blink
 25124 | Elf:1    | Learned a level 1 spell: Summon Butterflies
 25131 | Elf:1    | Learned a level 6 spell: Iron Shot
 26304 | Elf:2    | Found an ancient bone altar of Kikubaaqudgha.
 26490 | Elf:2    | Found a huge runed gate.
 26490 | Elf:2    | Found a huge runed gate.
 26490 | Elf:2    | Found a huge runed gate.
 26490 | Elf:2    | Found a huge runed gate.
 26493 | Elf:2    | Found a huge runed gate.
 26503 | Elf:2    | Noticed Donald
 26987 | Elf:3    | Entered Level 3 of the Elven Halls
 27015 | Elf:3    | Reached skill level 1 in Conjurations
 27059 | Elf:3    | Found a flickering gateway to a bazaar.
 27070 | Bazaar   | Entered a bazaar
 27070 | Bazaar   | Found Feusaol's Assorted Antiques.
 27070 | Bazaar   | Found Gamuej's General Store.
 27070 | Bazaar   | Found Baiclito's Book Shop.
 27070 | Bazaar   | Found Naess's Antique Weapon Shop.
 27070 | Bazaar   | Found Fumivvi's Antique Weapon Boutique.
 27070 | Bazaar   | Found Ronnojyarr's Jewellery Boutique.
 28029 | Elf:3    | Identified Sif Muna's Reference Book on the Excruciating Birds (Sif Muna gifted it to you on level 3 of the Elven Halls)
 28029 | Elf:3    | Received a gift from Sif Muna
 28094 | Elf:3    | Noticed a deep elf master archer
 28100 | Elf:3    | Noticed a deep elf blademaster
 28102 | Elf:3    | Noticed a deep elf blademaster
 28104 | Elf:3    | Killed a deep elf master archer
 28104 | Elf:3    | Reached XP level 16. HP: 131/131 MP: 0/32
 28113 | Elf:3    | Slain by a deep elf blademaster

Vault maps used:
D:1:      nicolae_arrival_somewhat_less_tricky_arrival, lexackson_kobold_supper
D:2:      dancing_weapons_uskayaw, first_ration
D:3:      nemelex_altar_shiori, nicolae_ru_great_annihilating_truth,
          nicolae_qazlal_style_of_elements
D:4:      lemuel_coloured_pillars_altar, minmay_temple_entry_glassed_door
D:5:      uniq_menkaure
D:6:      old_standard_altar, serial_shops, shop, uniq_blork_the_orc
D:8:      vehumet_statue, basic_altar, hangedman_ranch, uniq_pikel
D:9:      dpeg_lair_monsters, minmay_misc_feat_doors
D:10:     nicolae_trove_entry_columns, solitary_fountain
D:11:     david_orc_5
D:12:     mludivico_vault, serial_shops, nicolae_shop_trees,
          evilmike_ruin_ashenzari
D:13:     serial_shops, nicolae_shop_window_shopping, uniq_sonja
D:14:     lightli_vaults_fourway_checkpoint, serial_shops, shop, shop,
          shop_fountains, shop, grunt_dithmenos_smoke_and_mirrors,
          serial_bayou_pond_d, kb_rosetta
D:15:     grunt_enter_depths_hoard, nicolae_gozag_zags_fifth_avenue,
          basic_altar, uniq_louise
Temple:   regret_index_temple_sphere_string
Orc:1:    enter_bailey_4, basic_altar, uniq_harold
Orc:2:    st_orc_congregation, basic_altar, bloody_trog, uniq_josephine
Elf:1:    minmay_elf_sorcery, minmay_shoptagon
Elf:2:    basic_altar, uniq_donald
Elf:3:    elf_hall_gauntlet_narrow, serial_shops, bzr_entry_gold
Bazaar:   bazaar_minmay_generic_box
Bailey:   bailey_polearm_2, bailey

Skill      XL: |  1  2  3  4  5  6  7  8  9 10 11 12 13 14 15 |
---------------+----------------------------------------------+-----
Dodging        | 2 3 4 6 11 13 | 13.5
Fighting       | 1 2 4 6 13 | 13.5
Short Blades   | 1 4 |  4.0
Transmutations | 1 2 3 4 |  4.0
Spellcasting   | 3 4 7 8 10 11 12 | 12.2
Earth Magic    | 3 4 7 8 10 11 12 | 12.2
Stealth        | 3 4 |  4.0
Shields        | 4 |  4.1
Invocations    | 5 8 |  8.0
Conjurations   | 4 |  4.0

Action                   |  1- 3 |  4- 6 |  7- 9 | 10-12 | 13-15 | 16-18 || total
-------------------------+-------+-------+-------+-------+-------+-------++-------
Melee: Dagger            |    74 |       |    28 |   390 |   249 |       ||   741
       Falchion          |       |       |       |     2 |       |       ||     2
       Morningstar       |       |       |       |       |    11 |       ||    11
 Fire: Hunting sling     |    37 |   123 |   128 |       |       |       ||   288
 Cast: Sandblast         |    35 |    36 |   133 |   116 |    27 |       ||   347
       Passwall          |       |       |     1 |    13 |     1 |       ||    15
       Lee's Rapid Decon |       |       |     4 |   191 |   464 |     4 ||   663
       Petrify           |       |       |     2 |   103 |   134 |       ||   239
Invok: Divine Energy     |       |       |     1 |       |       |       ||     1
       Channel Magic     |       |       |       |       |       |     1 ||     1
Evoke: Wand              |       |       |       |     4 |     2 |       ||     6
       Lamp of fire      |       |       |       |       |     1 |       ||     1
  Use: Scroll            |       |       |     3 |    16 |     5 |       ||    24
 Stab: Sleeping          |     2 |       |     1 |    11 |       |       ||    14
       Petrified         |       |       |    18 |   144 |   134 |       ||   296
       Petrifying        |       |       |       |    20 |     8 |       ||    28
       Paralysed         |       |       |       |     1 |     1 |       ||     2
Armor: Robe              |    19 |    21 |    29 |       |    45 |       ||   114
       Leather armour    |       |       |     5 |    94 |    12 |       ||   111
Dodge: Dodged            |    58 |    47 |   106 |   193 |   154 |     2 ||   560
Block: Buckler           |       |       |       |    66 |    70 |     2 ||   138

Table legend:
 A = Spawn XP
 B = Non-spawn XP
 C = Spawn XP percentage of total XP
 D = Spawn monster count
 E = Non-spawn monster count
 F = Spawn count percentage of total count
 G = Total turns spent on level
                    A         B        C        D         E        F      G
               +---------+---------+-------+---------+---------+-------+---------
         Total |       0 |  155289 |   0.0 |       0 |     654 |   0.0 | 28113
               +---------+---------+-------+---------+---------+-------+---------
           D:1 |       0 |      30 |   0.0 |       0 |      19 |   0.0 |  1252
           D:2 |       0 |      59 |   0.0 |       0 |      19 |   0.0 |   495
           D:3 |       0 |     104 |   0.0 |       0 |      15 |   0.0 |   808
           D:4 |       0 |     478 |   0.0 |       0 |      11 |   0.0 |  1721
           D:5 |       0 |     155 |   0.0 |       0 |      12 |   0.0 |   674
           D:6 |       0 |     847 |   0.0 |       0 |      10 |   0.0 |   950
           D:7 |       0 |     963 |   0.0 |       0 |      15 |   0.0 |  1318
           D:8 |       0 |    5686 |   0.0 |       0 |      34 |   0.0 |  1167
           D:9 |       0 |    3814 |   0.0 |       0 |      47 |   0.0 |  1743
          D:10 |       0 |    1662 |   0.0 |       0 |      13 |   0.0 |   932
          D:11 |       0 |    3529 |   0.0 |       0 |      44 |   0.0 |   881
          D:12 |       0 |   15646 |   0.0 |       0 |      47 |   0.0 |  2943
          D:13 |       0 |    6157 |   0.0 |       0 |      32 |   0.0 |  1256
          D:14 |       0 |   16460 |   0.0 |       0 |      34 |   0.0 |  1435
          D:15 |       0 |   20118 |   0.0 |       0 |      45 |   0.0 |  1440
         Orc:1 |       0 |    2697 |   0.0 |       0 |      23 |   0.0 |  1115
         Orc:2 |       0 |   20240 |   0.0 |       0 |     126 |   0.0 |  2628
         Elf:1 |       0 |   21174 |   0.0 |       0 |      33 |   0.0 |  2286
         Elf:2 |       0 |   17434 |   0.0 |       0 |      25 |   0.0 |   715
         Elf:3 |       0 |   15934 |   0.0 |       0 |      24 |   0.0 |  1106
        Bailey |       0 |    2102 |   0.0 |       0 |      26 |   0.0 |  1069
               +---------+---------+-------+---------+---------+-------+---------
